 Dungeon Crawl Stone Soup version 0.27-a0-1291-geefcff550b (webtiles) character file.

Game seed: 7814805641354970051

71873 lunkers the Devastator (level 14, -3/83 (84) HPs)
             Began as a Deep Elf Air Elementalist on June 15, 2021.
             Was a High Priest of Vehumet.
             Slain by a sixfirhy (9 damage)
             ... summoned by an orc sorcerer
             ... on level 2 of the Orcish Mines.
             The game lasted 01:08:26 (33757 turns).

lunkers the Devastator (Deep Elf Air Elementalist) Turns: 33757, Time: 01:08:27

HP:   -3/83 (84)    AC: 13    Str:  8    XL:     14   Next: 99%
MP:   34/43         EV: 16    Int: 26    God:    Vehumet [*****.]
Gold: 2088          SH: 10    Dex: 15    Spells: 23/42 levels left

rFire    . . .     SeeInvis .   c - +0 staff of Battle
rCold    . . .     Faith    .   d - +0 buckler
rNeg     . . .     Spirit   .   r - +0 steam dragon scales
rPois    .         Reflect  +   Z - +2 hat {Stlth+}
rElec    .         Harm     .   (no cloak)
rCorr    .         Rampage  .   O - +2 pair of gloves {Str+3}
Will     +....                  m - +2 pair of boots
Stlth    +++.......             X - amulet of reflection
HPRegen  0.23/turn              D - +4 ring of evasion
MPRegen  0.28/turn              x - ring of magical power

@: about to teleport, lightly drained
A: no striking features
a: Renounce Religion


You were on level 2 of the Orcish Mines.
You worshipped Vehumet.
Vehumet was extremely pleased with you.
You visited 4 branches of the dungeon, and saw 21 of its levels.
You also visited: Bailey and Gauntlet.

You collected 2368 gold pieces.
You spent 280 gold pieces at shops.

Inventory:

Hand Weapons
 c - the +0 staff of Battle (weapon)
   (You acquired it in a bailey)
Missiles
 q - 2 throwing nets
Armour
 d - a +0 buckler (worn)
 m - a +2 pair of boots (worn)
 p - a +2 leather armour of cold resistance
 r - +0 steam dragon scales (worn)
 s - a +2 leather armour of poison resistance
 O - a +2 pair of gloves of strength (worn)
 Z - a +2 hat of stealth (worn)
Magical Staves
 G - a staff of air
Jewellery
 f - a ring of wizardry
 g - a ring of poison resistance
 x - a ring of magical power (right hand)
 D - a +4 ring of evasion (left hand)
 T - a ring of magical power
 X - an amulet of reflection (around neck)
Wands
 y - a wand of digging (6)
 A - a wand of iceblast (8)
 F - a wand of charming (31)
 N - a wand of flame (100)
 P - a wand of paralysis (11)
 S - a wand of polymorph (7)
 V - a wand of mindburst (16)
Scrolls
 i - 2 scrolls of immolation
 j - 3 scrolls of amnesia
 l - 6 scrolls of teleportation
 n - 4 scrolls of fear
 v - a scroll of magic mapping
 w - 4 scrolls of enchant weapon
 C - 3 scrolls of vulnerability
 Q - 3 scrolls of enchant armour
 R - 3 scrolls of identify
 U - 3 scrolls of silence
Potions
 a - 3 potions of cancellation
 b - 6 potions of might
 e - 7 potions of heal wounds
 k - 3 potions of magic
 o - 2 potions of brilliance
 t - 4 potions of berserk rage
 u - 4 potions of flight
 z - 5 potions of attraction
 B - 6 potions of curing
 E - 9 potions of haste
 H - a potion of ambrosia
 I - 4 potions of resistance
 L - 3 potions of mutation
 M - 3 potions of lignification
Miscellaneous
 J - a condenser vane
 W - a lightning rod (4/4)


   Skills:
 + Level 8.9 Fighting
 - Level 2.4 Dodging
 - Level 2.4 Stealth
 - Level 4.0 Shields
 + Level 14.5 Spellcasting
 * Level 16.7 Conjurations
 + Level 14.2 Air Magic


You had 23 spell levels left.
You knew the following spells:

 Your Spells              Type           Power      Damage    Failure   Level
a - Airstrike             Air            37%        N/A       1%          4
b - Static Discharge      Conj/Air       99%        N/A       0%          2
c - Swiftness             Air            75%        N/A       1%          3
d - Irradiate             Conj/Tmut      38%        3d26      1%          5
e - Lightning Bolt        Conj/Air       49%        1d70      1%          5

Your spell library contained the following spells:

 Spells                   Type           Power      Damage    Failure   Level
 Freezing Cloud           Conj/Ice/Air   41%        6-21      1%          5
 Magic Dart               Conj           100%       1d8       0%          1
 Shock                    Conj/Air       100%       1d9       0%          1
 Searing Ray              Conj           100%       3d7       0%          2
 Dazzling Flash           Conj/Hex       100%       N/A       1%          3
 Fulminant Prism          Conj/Hex       38%        3d18      1%          4
 Iskenderun's Mystic Bla  Conj/Tloc      76%        2d15      1%          4
 Animate Skeleton         Necr           36%        N/A       3%          1
 Apportation              Tloc           36%        N/A       3%          1
 Pain                     Necr           72%        1d7       3%          1
 Confusing Touch          Hex            18%        N/A       9%          3
 Gell's Gravitas          Tloc           9%         N/A       9%          3
 Lesser Beckoning         Tloc           9%         N/A       9%          3
 Tukima's Dance           Hex            18%        N/A       9%          3
 Vampiric Draining        Necr           9%         2d7       9%          3
 Yara's Violent Unravell  Hex/Tmut       9%         3d6       21%         5
 Animate Dead             Necr           9%         N/A       28%         4
 Petrify                  Tmut/Erth      18%        N/A       28%         4
 Agony                    Necr           18%        N/A       63%         5
 Alistair's Intoxication  Tmut/Pois      12%        N/A       63%         5
 Blade Hands              Tmut           9%         N/A       63%         5
 Borgnjor's Vile Clutch   Necr/Erth      9%         N/A       63%         5
 Metabolic Englaciation   Hex/Ice        9%         N/A       63%         5
 Summon Forest            Summ/Tloc      9%         N/A       63%         5
 Summon Mana Viper        Hex/Summ       18%        N/A       63%         5
 Storm Form               Tmut/Air       27%        N/A       78%         7
 Death Channel            Necr           9%         N/A       99%         6
 Invisibility             Hex            9%         N/A       99%         6
 Shadow Creatures         Summ           N/A        N/A       99%         6
 Simulacrum               Ice/Necr       9%         N/A       99%         6
 Statue Form              Tmut/Erth      12%        N/A       99%         6
 Dragon Form              Tmut           9%         N/A       100%        7
 Summon Hydra             Summ           9%         N/A       100%        7


Dungeon Overview and Level Annotations

Branches:
Dungeon (12/15)            Temple (1/1) D:4            Lair (6/6) D:11
  Swamp (0/4) Lair:3        Snake (0/4) Lair:3        Slime (0/5) Lair:6
    Orc (2/2) D:9             Elf (0/3) Orc:2        Bailey (visited)
Gauntlet (visited)

Altars:
Ashenzari
Cheibriados
Dithmenos
Elyvilon
Fedhas
Gozag
Hepliaklqana
Kikubaaqudgha
Makhleb
Nemelex Xobeh
Okawaru
Qazlal
Ru
Sif Muna
Trog
Uskayaw
Vehumet
Wu Jian
Xom
Yredelemnul
Zin
The Shining One
Jiyva

Shops:
D:9 (   D:11 [   Orc:1 (   Orc:2 *

Annotations:
Orc:2 1 runed translucent door, Shayle's ghost, journeyman OgWr


Message History

You kill the hellwing!
You are struck by an arc of lightning.
* * * LOW HITPOINT WARNING * * *
The hell hound is struck by an arc of lightning.
The hell hound is almost dead.
You block the hell hound's attack.
The orc sorcerer casts a spell.
The hell hound breathes flames at you. The blast of flame misses you.
An orc knight comes into view. It is wielding a +2 battleaxe.
The orc priest hits your battlesphere with a +0 dagger.
You hear a shout!
Unknown command.
Unknown command.
Unknown command.
The hell hound bites your battlesphere. The hell hound breathes flames at you.
The blast of flame hits your battlesphere.
Your battlesphere resists.
The blast of flame hits you!!
* * * LOW HITPOINT WARNING * * *
The orc sorcerer gestures at you while chanting.
The bolt of fire hits the hell hound.
The hell hound completely resists.
The bolt of fire hits you!
* * * LOW HITPOINT WARNING * * *
You hear a shout! x3
As you read the scroll of fear, it crumbles to dust.
You assume a fearsome visage.
The orc priest looks frightened!
The orc warrior looks frightened!
The orc warrior resists with some effort.
The orc sorcerer resists with some effort.
The hell hound is unaffected.
The orc sorcerer casts a spell.
You hear a shout!
As you read the scroll of teleportation, it crumbles to dust.
You feel strangely unstable.
The orc sorcerer gestures wildly while chanting.
The sixfirhy hits you.
* * * LOW HITPOINT WARNING * * *
The sixfirhy shocks you!
You die...

..#.......##.## ##..##o..oo*
.#.......##### #o.##,,,...,
...........## ##.##,,,**,#,
............# #.o#*,,**,,*,
...........### #### #.##,,,*,,,,*
.............###..###.#*,,,,,,,,*
............*......##.#*,,,,,,,,,
.....#.........h...##)#####3.,,,,
...#####........@3...4ooo....,,,,
..##.#........###..##)#####..,,,,
...#....P.P...##...##.#*,,,,,,,,,
........P∩P...###.###.#*,,,,,,,,*
........PPP.### ### #.#*,,,*,,,,*
.#..........# #..**,,**,,*,
##.........## ##.**,,,**,*,
..##........# *.,**,,,,,,,
###....#...## **,,**,,,,,*


You could see an orange demon (summoned), a sixfirhy (summoned), an orc
sorcerer, an orc warrior, a hell hound (ally target) and a friendly
battlesphere.

Vanquished Creatures
  Gastronok (Orc:1)
  A minotaur (Gauntlet)
  A fire dragon (Lair:6)
  10 hydras
  3 boulder beetles
  2 catoblepae
  4 two-headed ogres
  Erica (D:11)
  9 death yaks (Lair:6)
  An orc high priest (Bailey)
  Nergalle (Lair:1)
  A swamp dragon (Lair:6)
  2 lindwurms (Lair:4)
  5 orc knights
  A manticore (D:12)
  An oklob plant (Lair:6)
  2 will-o-the-wisps (Lair:4)
  An orc sorcerer (Orc:2)
  2 black mambas
  6 elephants (Lair:4)
  A torpor snail (Lair:4)
  A gargoyle (D:12)
  16 cane toads
  A kobold demonologist (Bailey)
  20 komodo dragons
  5 rime drakes
  2 polar bears (Lair:4)
  A hornet (Lair:3)
  4 trolls
  A tyrant leech (Gauntlet)
  17 blink frogs
  5 dream sheep (Lair:4)
  2 centaur simulacra (Gauntlet)
  A shadow (D:11)
  3 wyverns
  2 basilisks (Lair:6)
  43 yaks
  4 steam dragons
  2 vampire mosquitoes (Lair:4)
  A wraith (D:12)
  3 nagas (Lair:3)
  6 wargs
  3 acid dragons
  Edmund (D:4)
  2 swamp worms (Gauntlet)
  20 water moccasins
  A sky beast (D:5)
  29 orc warriors
  2 black bears
  2 ice beasts (D:6)
  4 swamp drakes
  An ice dragon simulacrum (Gauntlet)
  13 wolves
  4 necrophages
  7 ogres
  5 centaurs
  2 kobold brigands
  16 bullfrogs
  A gnoll sergeant (D:7)
  3 scorpions
  7 killer bees
  5 wights (D:8)
  A howler monkey (D:6)
  3 electric eels (Bailey)
  A bullfrog zombie (D:6)
  9 centaur zombies
  2 jellies
  15 orc priests
  4 centaur skeletons
  10 iguanas
  Ijyb (D:5)
  21 orc wizards
  10 gnolls
  6 adders
  A howler monkey skeleton (D:5)
  A shadow imp (D:5)
  2 white imps
  An ufetubus (D:6)
  5 worms
  A dart slug (D:1)
  70 orcs
  10 endoplasms
  6 giant cockroaches
  19 hobgoblins
  3 quokkas
  8 ball pythons
  5 bats
  2 frilled lizards
  23 goblins
  13 kobolds
  A quokka skeleton (D:4)
  3 rats
581 creatures vanquished.

Vanquished Creatures (others)
  59 fungi
  81 plants
  5 withered plants (Gauntlet)
145 creatures vanquished.

Grand Total: 726 creatures vanquished

Notes
Turn   | Place    | Note
-------+----------+-------------------------------------------
     0 | D:1      | lunkers the Deep Elf Air Elementalist began the quest for
                  | the Orb.
     0 | D:1      | Reached XP level 1. HP: 10/10 MP: 6/6
   285 | D:1      | Reached XP level 2. HP: 15/15 MP: 4/8
   637 | D:1      | Reached skill level 2 in Conjurations
   979 | D:1      | Reached XP level 3. HP: 19/19 MP: 7/9
  1376 | D:1      | Found a faded altar of an unknown god.
  1450 | D:2      | Learned a level 2 spell: Static Discharge
  1454 | D:2      | Learned a level 3 spell: Swiftness
  1917 | D:2      | Reached XP level 4. HP: 24/24 MP: 6/11
  2376 | D:2      | Found a stormy altar of Qazlal.
  2646 | D:3      | Reached skill level 3 in Conjurations
  3170 | D:3      | You fall into a shaft and drop 3 floors!
  3199 | D:5      | Entered Level 5 of the Dungeon
  3237 | D:5      | Learned a level 4 spell: Airstrike
  3275 | D:5      | Reached XP level 5. HP: 15/28 MP: 4/13
  3443 | D:5      | Noticed Ijyb
  3447 | D:5      | Killed Ijyb
  3518 | D:5      | Reached skill level 4 in Conjurations
  3765 | D:5      | Noticed an ogre
  3770 | D:5      | Killed an ogre
  3771 | D:5      | Reached skill level 5 in Air Magic
  3771 | D:5      | Reached XP level 6. HP: 32/32 MP: 8/14
  4258 | D:4      | Noticed a steam dragon
  4271 | D:4      | Killed a steam dragon
  4272 | D:4      | Reached skill level 5 in Spellcasting
  4272 | D:4      | Reached skill level 5 in Conjurations
  4297 | D:4      | Learned a level 5 spell: Lightning Bolt
  4607 | D:4      | Reached XP level 7. HP: 36/36 MP: 9/16
  4711 | D:4      | Noticed Edmund
  4727 | D:4      | Killed Edmund
  5087 | D:4      | Found a staircase to the Ecumenical Temple.
  5211 | D:4      | Found an opulent altar of Gozag.
  5563 | Temple   | Entered the Ecumenical Temple
  6024 | D:5      | Reached skill level 6 in Conjurations
  6353 | D:5      | Found a hazy altar of Hepliaklqana.
  6353 | D:5      | Found a hide-covered altar of Uskayaw.
  6355 | D:5      | Found an ornate altar of the Wu Jian Council.
  6359 | D:5      | Reached XP level 8. HP: 38/41 MP: 14/19
  7174 | D:6      | Reached skill level 7 in Conjurations
  7802 | D:6      | Reached skill level 8 in Conjurations
  8143 | D:6      | Reached skill level 1 in Fighting
  8271 | D:7      | Reached XP level 9. HP: 47/47 MP: 21/22
 10495 | D:8      | Reached skill level 9 in Conjurations
 10860 | D:8      | Reached skill level 1 in Shields
 11110 | D:8      | Found a flagged portal.
 11118 | Bailey   | Entered a bailey
 11220 | Bailey   | Noticed a kobold demonologist
 11224 | Bailey   | Found an iron altar of Okawaru.
 11224 | Bailey   | Noticed a soul eater
 11227 | Bailey   | Killed a kobold demonologist
 11317 | Bailey   | Noticed an orc high priest
 11322 | Bailey   | Killed an orc high priest
 11323 | Bailey   | Reached XP level 10. HP: 33/56 MP: 5/24
 11475 | Bailey   | Noticed an orc knight
 11475 | Bailey   | Noticed an orc knight
 11480 | Bailey   | Killed an orc knight
 11483 | Bailey   | Killed an orc knight
 11484 | Bailey   | Reached skill level 10 in Conjurations
 11514 | Bailey   | HP: 2/56 [electric eel/bolt of electricity (14)]
 12524 | Bailey   | Acquired the +0 staff of Battle
 12525 | Bailey   | Found the +0 staff of Battle
 12606 | D:8      | Reached skill level 10 in Air Magic
 12867 | D:8      | Found a burning altar of Makhleb.
 13063 | D:9      | Found a stormy altar of Qazlal.
 13124 | D:9      | Noticed a boulder beetle
 13158 | D:9      | Killed a boulder beetle
 13630 | D:9      | Noticed a two-headed ogre
 13635 | D:9      | Killed a two-headed ogre
 13636 | D:9      | Reached XP level 11. HP: 31/61 MP: 8/26
 13938 | D:9      | Reached skill level 11 in Conjurations
 14133 | D:9      | Found a staircase to the Orcish Mines.
 14408 | D:9      | Found a shimmering blue altar of Sif Muna.
 14410 | D:9      | Found a snail-covered altar of Cheibriados.
 14411 | D:9      | Found a radiant altar of Vehumet.
 14417 | D:9      | Became a worshipper of Vehumet
 14630 | D:9      | Found Tunu Woi's Antique Weapon Shop.
 15221 | D:10     | Entered Level 10 of the Dungeon
 15591 | D:10     | Noticed a two-headed ogre
 15596 | D:10     | Killed a two-headed ogre
 15955 | D:10     | Reached * piety under Vehumet
 15955 | D:10     | Offered knowledge of Sandblast by Vehumet.
 15960 | D:10     | Reached skill level 10 in Spellcasting
 16114 | D:10     | Noticed an orc knight
 16126 | D:10     | Killed an orc knight
 16906 | D:10     | Noticed a two-headed ogre
 16910 | D:10     | Killed a two-headed ogre
 17389 | D:11     | Noticed a boulder beetle
 17568 | D:11     | Reached skill level 5 in Fighting
 17785 | D:11     | Found a staircase to the Lair.
 17788 | D:11     | Reached skill level 12 in Conjurations
 18196 | D:11     | Noticed a two-headed ogre
 18203 | D:11     | Killed a two-headed ogre
 18462 | D:11     | Found Lozeuhat's Armour Shop.
 18466 | D:11     | Bought a +1 pair of gloves of strength for 280 gold pieces
 18595 | D:11     | Reached XP level 12. HP: 55/68 MP: 14/28
 18760 | D:11     | Noticed Erica
 18764 | D:11     | Killed Erica
 18834 | D:11     | Killed a boulder beetle
 18834 | D:11     | Reached ** piety under Vehumet
 19191 | D:12     | Offered knowledge of Poisonous Vapours by Vehumet.
 19355 | D:12     | Noticed a boulder beetle
 19362 | D:12     | Killed a boulder beetle
 20421 | Lair:1   | Entered Level 1 of the Lair of Beasts
 20676 | Lair:1   | Reached skill level 13 in Conjurations
 21083 | Lair:1   | Learned a level 5 spell: Irradiate
 21167 | Lair:1   | Noticed Nergalle
 21512 | Lair:1   | Noticed a five-headed hydra
 21515 | Lair:1   | Killed a five-headed hydra
 21761 | Lair:1   | Killed Nergalle
 22291 | Lair:2   | Noticed a seven-headed hydra
 22294 | Lair:2   | Killed a seven-headed hydra
 22977 | Lair:2   | Reached XP level 13. HP: 48/75 MP: 17/31
 23671 | Lair:3   | Found a staircase to the Swamp.
 23811 | Lair:3   | Reached skill level 14 in Conjurations
 23817 | Lair:3   | Offered knowledge of Frozen Ramparts by Vehumet.
 24161 | Lair:3   | Found a staircase to the Snake Pit.
 24420 | Lair:3   | Reached *** piety under Vehumet
 25463 | Lair:4   | Offered knowledge of Ignite Poison by Vehumet.
 25742 | Lair:4   | Reached skill level 15 in Conjurations
 26635 | Lair:4   | Reached **** piety under Vehumet
 26831 | Lair:4   | Reached XP level 14. HP: 83/83 MP: 18/33
 27679 | Lair:5   | Offered knowledge of Bolt of Magma by Vehumet.
 28854 | Lair:6   | Entered Level 6 of the Lair of Beasts
 29347 | Lair:6   | Found a staircase to the Slime Pits.
 29347 | Lair:6   | Found a viscous altar of Jiyva.
 29902 | Lair:6   | Reached skill level 16 in Conjurations
 29924 | Lair:6   | Reached ***** piety under Vehumet
 30160 | Lair:6   | Offered knowledge of Iron Shot by Vehumet.
 31648 | Orc:1    | Entered Level 1 of the Orcish Mines
 31903 | Orc:1    | Noticed Gastronok
 31987 | Orc:1    | Killed Gastronok
 32002 | Orc:1    | Found Osuir's Antique Weapon Shoppe.
 32283 | Orc:2    | Entered Level 2 of the Orcish Mines
 32496 | Orc:2    | Found a staircase to the Elven Halls.
 32508 | Orc:2    | Offered knowledge of Freezing Cloud by Vehumet.
 32512 | Orc:2    | Found a gate leading to a gauntlet.
 32526 | Gauntlet | Entered a Gauntlet
 32526 | Gauntlet | Found a transporter.
 32526 | Gauntlet | Found a transporter.
 32526 | Gauntlet | Found a transporter.
 32535 | Gauntlet | Found a transporter.
 32545 | Gauntlet | Found a transporter.
 32560 | Gauntlet | Found a transporter.
 32570 | Gauntlet | Found a transporter.
 32585 | Gauntlet | Found a transporter.
 32591 | Gauntlet | Found a transporter.
 32605 | Gauntlet | Found a transporter.
 32609 | Gauntlet | Found a transporter.
 32613 | Gauntlet | Found a transporter.
 32745 | Gauntlet | Identified the +0 pair of gloves "Udif" {SInv}
 33395 | Orc:2    | Found a runed translucent door.
 33395 | Orc:2    | Noticed Shayle's ghost (journeyman OgWr)
 33608 | Orc:2    | Found Wucvumeet's Assorted Antiques.
 33742 | Orc:2    | Paralysed by an orc sorcerer for 5 turns
 33757 | Orc:2    | Slain by a sixfirhy

Illustrated notes

Levels and vault maps discovered:
D:1:      saegor_arrival_simple_c, layout_basic,
          shapermc_ecumenical_altar_hornbeckon
D:2:      layout_basic, basic_altar
D:3:      layout_basic, st_stairs_13
D:4:      layout_loops_ring, grunt_gozag_statues, minmay_temple_entry_glass,
          chequers_avenue, minmay_hedge_maze, minmay_circle_x, uniq_edmund
D:5:      layout_gridville, gammafunk_temple_overflow_claw, uniq_ijyb
D:6:      layout_basic, minivault_23, wad_rectangle_vault
D:7:      layout_layer_cave, chequers_serial_rivers_micro_a,
          kennysheep_nondescript
D:8:      layout_loops_ring, kennysheep_little_box, enter_bailey_3,
          hangedman_abyss_or_decor_stabs
D:9:      layout_stronghold, minitemple, grunt_qazlal_clouds, david_orc_4,
          serial_shops, kennysheep_mini, dk_vineyard_1, nzn_sisyphean_effort
D:10:     cheibrodos_orc_bank, layout_basic
D:11:     layout_long_grid, erik_lair_orcish_takeover, serial_shops,
          nicolae_shop_trees, uniq_erica
D:12:     layout_stronghold
Temple:   nicolae_temple_figure_eight
Lair:1:   layout_gridlike, uniq_nergalle
Lair:2:   layout_regular_city, grunt_forest_small_clearing_treed,
          lemuel_fruit_tree, grunt_megastairs_3, serial_bayou_shore_b
Lair:3:   layout_hall_layers, minmay_swamp_entry_reptiles,
          guppyfry_snake_entry_island, infiniplex_staircase_pool_2,
          grunt_megastairs_5
Lair:4:   nzn_winding_woodlands_medium [nzn_winding_woodlands_5x5_cross,
          nzn_winding_woodlands_5x15_pathside_ponds,
          nzn_winding_woodlands_5x5_three,
          nzn_winding_woodlands_5x5_closed_star,
          nzn_winding_woodlands_center_pierced_h,
          nzn_winding_woodlands_5x5_perimeter, nzn_winding_woodlands_hourglass,
          nzn_winding_woodlands_5x15_sawtooth,
          nzn_winding_woodlands_5x5_open_star], layout_concentric_octagons,
          serial_bayou_pond_d, pond
Lair:5:   layout_cave_pods, chequers_serial_rivers_micro_d
Lair:6:   guppyfry_lair_end_dragon, layout_misc_corridors, slime_altar_1
Orc:1:    layout_caves, serial_shops, shop_coins, uniq_gastronok
Orc:2:    st_orc_elflike, layout_diamond_mine, gammafunk_ghost_grave,
          gauntlet_entry_generic, serial_shops, nicolae_shop_overgrown_old_shop,
          uniq_azrael

Skill      XL: |  1  2  3  4  5  6  7  8  9 10 11 12 13 14 |
---------------+-------------------------------------------+-----
Conjurations   | 2 3 4 5 6 8 9 10 12 13 15 16 | 16.7
Air Magic      | 4 5 6 8 9 10 11 12 13 14 | 14.2
Spellcasting   | 4 5 6 7 8 9 10 12 13 14 | 14.5
Fighting       | 1 3 4 5 6 7 8 |  8.9
Shields        | 1 3 4 |  4.0
Dodging        | |  2.4
Stealth        | |  2.4

Action                   |  1- 3 |  4- 6 |  7- 9 | 10-12 | 13-15 || total
-------------------------+-------+-------+-------+-------+-------++-------
Melee: Unarmed           |       |     1 |     1 |       |       ||     2
       Spear             |       |       |       |     7 |       ||     7
       Staff             |       |       |       |    36 |    20 ||    56
 Cast: Shock             |    95 |    77 |    20 |       |       ||   192
       Static Discharge  |       |    11 |    43 |    79 |   114 ||   247
       Airstrike         |       |     2 |   110 |   268 |   263 ||   643
       Lightning Bolt    |       |       |       |    25 |    67 ||    92
       Irradiate         |       |       |       |       |     6 ||     6
Evoke: Wand              |       |     3 |     1 |     6 |       ||    10
  Use: Scroll            |       |       |     4 |    22 |     6 ||    32
Armor: Robe              |     1 |       |       |       |       ||     1
       Leather armour    |       |     3 |       |       |       ||     3
       Steam dragon scal |       |       |     8 |    29 |    32 ||    69
Dodge: Dodged            |     6 |     9 |    35 |    83 |    78 ||   211
Block: Buckler           |       |       |    14 |    35 |    49 ||    98

Table legend: (Time is in decaauts)
 A = Elapsed time spent in this place.
 B = Non-inter-level travel time spent in this place.
 C = Inter-level travel time spent in this place.
 D = Time resting spent in this place.
 E = Time spent auto-exploring this place.
 F = Levels seen in this place.
 G = Mean time per level.
                   A        B        C        D        E       F      G
               +--------+--------+--------+--------+--------+-----+--------+
         Total |  33859 |  32748 |   1111 |   3933 |  25061 |  23 | 1472.1 |
       Dungeon |  19259 |  18523 |    736 |   1423 |  15465 |  12 | 1604.9 |
        Temple |    215 |    215 |      0 |      0 |    202 |   1 |  215.0 |
          Lair |  11142 |  10769 |    373 |   1743 |   7885 |   6 | 1857.0 |
  Orcish Mines |   1316 |   1316 |      0 |    183 |    815 |   2 |  658.0 |
        Bailey |   1428 |   1428 |      0 |    446 |    693 |   1 | 1428.0 |
      Gauntlet |    495 |    495 |      0 |    138 |      0 |   1 |  495.0 |
               +--------+--------+--------+--------+--------+-----+--------+

Top non-repeatable levels by time:
     D:9: 2798 daAuts
     D:7: 2556 daAuts
  Lair:4: 2494 daAuts
  Lair:6: 2115 daAuts
    D:10: 1941 daAuts
  Lair:1: 1844 daAuts
    D:11: 1819 daAuts
     D:4: 1817 daAuts
     D:5: 1660 daAuts
  Lair:5: 1658 daAuts
  Lair:3: 1650 daAuts
     D:1: 1453 daAuts
  Bailey: 1428 daAuts
     D:6: 1404 daAuts
  Lair:2: 1380 daAuts
